 Dungeon Crawl Stone Soup version 0.30-a0-937-ga0a21ad780 (webtiles) character file.

Game seed: 7090836015688294962

147 Demosthentine the Ducker (level 5, -1/41 HPs)
             Began as a Demonspawn Gladiator on Mar 24, 2023.
             Splashed by a jelly's acid (2 damage)
             ... on level 4 of the Dungeon.
             The game lasted 00:03:04 (3219 turns).

Demosthentine the Ducker (Demonspawn Gladiator)     Turns: 3219, Time: 00:03:04

Health: -1/41      AC: -10   Str: 16    XL:     5   Next: 7%
Magic:  5/5        EV: 13    Int:  9    God:
Gold:   124        SH:  0    Dex: 15    Spells: 4/4 levels left

rFire   . . .      SeeInvis .      - Unarmed
rCold   . . .      Faith    .    (no shield)
rNeg    . . .      Spirit   .    b - +0 leather armour
rPois   .          Reflect  .    c - +1 helmet
rElec   .          Rampage  .    (no cloak)
rCorr   .                        (no gloves)
Will    +....                    (no boots)
Stlth   +                        (no amulet)
HPRegen 0.26/turn                k - ring of willpower
MPRegen 0.09/turn                (no ring)

@: corroded
A: claws 1, powered by pain 2
a: no special abilities


You were on level 4 of the Dungeon.
You visited 1 branch of the dungeon, and saw 6 of its levels.

You collected 124 gold pieces.

Inventory:

Missiles
 d - a throwing net (quivered)
 e - a javelin
Armour
 b - a +0 leather armour (worn)
 c - a +1 helmet (worn)
Jewellery
 f - an amulet of magic regeneration
 k - a ring of willpower (left claw)
 s - a ring of willpower
Wands
 g - a wand of roots (6)
Scrolls
 h - 2 scrolls of blinking
 i - a scroll of enchant armour
 t - 2 scrolls of identify
Potions
 a - 3 potions of haste


   Skills:
 + Level 3.1 Fighting
 - Level 2.8 Polearms
 - Level 1.7 Throwing
 + Level 1.8 Armour
 + Level 3.5 Dodging
 + Level 1.8 Unarmed Combat


You had 4 spell levels left.
You didn't know any spells.
Your spell library contained the following spells:

 Spells                   Type           Power      Damage    Failure   Level
 Freeze                   Ice            0%         1d3       45%         1
 Magic Dart               Conj           0%         1d3       45%         1
 Searing Ray              Conj           0%         2d4       58%         2
 Frozen Ramparts          Ice            0%         1d1       83%         3
 Hailstorm                Conj/Ice       0%         3d3       83%         3
 Inner Flame              Hex/Fire       0%         N/A       83%         3
 Flame Wave               Conj/Fire      0%         2d4       99%         4
 Fulminant Prism          Conj/Hex       0%         3d5       99%         4
 Sticky Flame             Conj/Fire      0%         2d3       99%         4


Dungeon Overview and Level Annotations

Branches:
Dungeon (6/15)
 Temple: D:4-7

Altars:
Dithmenos
Gozag
Uskayaw

Shops:
D:2 [

Annotations:
D:3 2 runed translucent doors, SpyderV's ghost, amateur MiFi


Innate Abilities, Weirdness & Mutations

You have sharp fingernails.
You sometimes gain power by taking damage.


Message History

Press: ? - help, Q - select action, (/) - cycle Shift-Dir - straight line, f - jelly
Aim: a jelly (lightly wounded, 89% to hit)
You throw a throwing net. The throwing net hits the jelly.
The jelly is caught in the net!
The jelly is lightly wounded.
The jelly struggles against the net.
The jelly struggles against the net.
You feel much better.
The jelly struggles against the net.
The jelly struggles against the net.
You scratch the jelly but do no damage.
Your claws burn!
The jelly is lightly wounded.
The jelly struggles against the net.
You scratch the jelly but do no damage.
Your claws burn!
The jelly is lightly wounded.
The jelly struggles against the net.
The net rips apart, and the jelly comes free!
You scratch the jelly but do no damage.
Your claws burn!
The jelly is lightly wounded.
The jelly hits you.
You are splashed with acid!
You scratch the jelly but do no damage.
Your claws burn!
The jelly is lightly wounded.
The jelly barely misses you.
You scratch the jelly but do no damage.
Your claws burn!
* * * LOW HITPOINT WARNING * * *
The jelly is lightly wounded.
The jelly misses you.
You scratch the jelly.
Your claws burn!
* * * LOW HITPOINT WARNING * * *
The jelly is moderately wounded.
The jelly closely misses you.
You scratch the jelly but do no damage. The acid corrodes you!
Your claws burn!
* * * LOW HITPOINT WARNING * * *
The jelly is moderately wounded.
The jelly closely misses you.
You scratch the jelly but do no damage.
Your claws burn!
* * * LOW HITPOINT WARNING * * *
The jelly is moderately wounded.
The jelly misses you.
You scratch the jelly but do no damage.
Your claws burn!
You die...

######## ##........##
#..>....
...........K...######
#........#####
....... ..... ...
########J# #.....##@#
#.....##.#
##...>.##.#
#.........#####
#.......?........
##......#####.####
#.......# #
##....#### #.#####


You could see a jelly.

Vanquished Creatures
  A jelly (D:6)
  A hound (D:6)
  An adder (D:3)
  3 worms
  2 dart slugs (D:1)
  An orc (D:4)
  5 ball pythons
  3 bats (D:1)
  9 endoplasms
  5 giant cockroaches
  6 hobgoblins
  4 kobolds
  A quokka (D:2)
  6 frilled lizards
  7 goblins
  A rat (D:1)
56 creatures vanquished.

Vanquished Creatures (others)
  A plant (D:2)
1 creature vanquished.

Grand Total: 57 creatures vanquished

Notes
Turn   | Place    | Note
-------+----------+-------------------------------------------
     0 | D:1      | Demosthentine the Demonspawn Gladiator began the quest for
                  | the Orb.
     0 | D:1      | Reached XP level 1. HP: 16/16 MP: 1/1
   327 | D:1      | Gained mutation: You have sharp fingernails. [demonic
                  | ancestry]
   327 | D:1      | Reached XP level 2. HP: 22/22 MP: 2/2
   943 | D:2      | Gained mutation: You sometimes gain a little power by
                  | taking damage. [demonic ancestry]
   943 | D:2      | Reached XP level 3. HP: 28/28 MP: 3/3
   997 | D:2      | Reached skill level 1 in Armour
  1258 | D:2      | Reached skill level 1 in Unarmed Combat
  1322 | D:2      | Found Godutoiw's Antique Armour Shop.
  1339 | D:2      | HP: 1/28 [worm (9)]
  1904 | D:3      | Noticed SpyderV's ghost (amateur MiFi)
  1904 | D:3      | Found a runed translucent door.
  2091 | D:3      | You fall into a shaft and drop 3 floors!
  2127 | D:6      | Gained mutation: You sometimes gain power by taking damage.
                  | [demonic ancestry]
  2127 | D:6      | Reached XP level 4. HP: 32/34 MP: 4/4
  2270 | D:5      | Entered Level 5 of the Dungeon
  2409 | D:3      | Found a runed translucent door.
  2583 | D:3      | Reached XP level 5. HP: 41/41 MP: 5/5
  2815 | D:3      | Found a hide-covered altar of Uskayaw.
  2815 | D:3      | Found an opulent altar of Gozag.
  2898 | D:3      | Found a shadowy altar of Dithmenos.
  3218 | D:4      | HP: 1/41 [acid (4)]
  3219 | D:4      | Splashed by a jelly's acid

Illustrated notes

Levels and vault maps discovered:
D:1:      shiori_arrival_oz, layout_basic
D:2:      cheibrodos_old_hovel, layout_basic, serial_shops,
          nicolae_shop_temple_entry_statues_fountains, palyth_stone_intersect
D:3:      layout_basic, general_overflow_altar,
          gammafunk_temple_overflow_elements, ebering_ghost_sewer_f
D:4:      minmay_evil_eye, layout_loops_ring, temple_fountains
D:5:      layout_basic
D:6:      layout_basic, nicolae_sif_muna_condensation, uniq_pikel, uniq_grinder,
          uniq_edmund

Skill      XL: |  1  2  3  4 |
---------------+-------------+-----
Dodging        | 3 |  3.5
Armour         | 1 |  1.8
Unarmed Combat | 1 |  1.8
Fighting       | 3 |  3.1
Polearms       | |  2.8
Throwing       | |  1.7

Action                     |  1- 3 |  4- 6 || total
---------------------------+-------+-------++-------
  Melee: Trident           |    22 |       ||    22
         Unarmed           |   144 |    67 ||   211
         Punch             |     1 |       ||     1
  Throw: Throwing net      |       |     2 ||     2
    Use: Scroll            |     6 |     5 ||    11
         Potion            |     1 |     3 ||     4
   Stab: Sleeping          |     2 |       ||     2
 Armour: Leather armour    |    44 |     4 ||    48
  Dodge: Dodged            |    95 |    35 ||   130

Table legend: (Time is in decaauts)
 A = Elapsed time spent in this place.
 B = Non-inter-level travel time spent in this place.
 C = Inter-level travel time spent in this place.
 D = Time resting spent in this place.
 E = Time spent auto-exploring this place.
 F = Levels seen in this place.
 G = Mean time per level.
                   A        B        C        D        E       F      G
               +--------+--------+--------+--------+--------+-----+--------+
         Total |   3218 |   3175 |     43 |    159 |   2447 |   6 |  536.3 |
       Dungeon |   3218 |   3175 |     43 |    159 |   2447 |   6 |  536.3 |
               +--------+--------+--------+--------+--------+-----+--------+

Top non-repeatable levels by time:
     D:1: 1070 daAuts
     D:3: 949 daAuts
     D:2: 837 daAuts
     D:6: 178 daAuts
     D:4: 137 daAuts
     D:5: 46 daAuts
